 Dungeon Crawl Stone Soup version 0.31-a0-214-gb37851dbb3 (webtiles) character file.

Game seed: 11735980084662528787

19 innerfire43 the Trooper (level 2, 0/24 HPs)
             Began as a Demonspawn Monk on July 1, 2023.
             Slain by a gnoll
             ... wielding a +0 spear
              (6 damage)
             ... on level 2 of the Dungeon.
             The game lasted 00:00:43 (1078 turns).

innerfire43 the Trooper (Demonspawn Monk)           Turns: 1078, Time: 00:00:43

Health: 0/24       AC:  3    Str: 11    XL:     2   Next: 55%
Magic:  2/2        EV: 13    Int: 11    God:
Gold:   85         SH:  0    Dex: 15    Spells: 1/1 levels left

rFire   . . .        a - +0 hand axe
rCold   . . .        d - orb {light}
rNeg    . . .        b - +0 robe
rPois   .            (no helmet)
rElec   .            (no cloak)
rCorr   .            (no gloves)
SInv    .            (no boots)
Will    .....        f - amulet of magic regeneration
Stlth   +            (no ring)
HPRegen 0.24/turn    (no ring)
MPRegen 0.48/turn

%: no passive effects
@: glowing
A: sharp scales 1
a: no special abilities


You were on level 2 of the Dungeon.
You visited 1 branch of the dungeon, and saw 2 of its levels.

You collected 85 gold pieces.

Inventory:

Hand Weapons
 a - a +0 hand axe (weapon)
Armour
 b - a +0 robe (worn)
 d - an orb of light (worn)
Jewellery
 f - an amulet of magic regeneration (around neck)
Scrolls
 e - a scroll of brand weapon {unknown}
Potions
 c - a potion of ambrosia
 g - a potion of brilliance {unknown}


   Skills:
 + Level 3.3 Fighting
 + Level 3.0 Axes
 + Level 3.0 Dodging


You had one spell level left.
You didn't know any spells.
Your spell library was empty.

Dungeon Overview and Level Annotations

Branches:
Dungeon (2/15)

Altars:


Innate Abilities, Weirdness & Mutations

You are partially covered in razor-sharp scales. (AC +1, Slay +1)


Message History

The slug dart hits you.
You slash the dart slug!
The dart slug is severely wounded.
The dart slug bites you.
You slash the dart slug!
You kill the dart slug!
No target in view!
HP restored.
A ball python comes into view.
The ball python hisses angrily.
A ball python is nearby!
Found a stone staircase leading up.
You hit the ball python.
You kill the ball python!
No target in view!
You see here a ball python corpse.
Found 5 stones.
A gnoll and a bat come into view.
The bat closely misses you. The bat barely misses you. x2
There are monsters nearby!
You hit the bat.
You kill the bat!
The gnoll hits you from afar with a +0 spear.
A gnoll is nearby!
The gnoll hits you with a +0 spear.
You hit the gnoll.
The gnoll is lightly wounded.
The gnoll hits you with a +0 spear!
You are too injured to fight recklessly!
You are too injured to fight recklessly!
You are too injured to fight recklessly!
You hit the gnoll but do no damage.
The gnoll is lightly wounded.
The gnoll hits you with a +0 spear!
* * * LOW HITPOINT WARNING * * *
The gnoll misses you.
You hit the gnoll but do no damage.
The gnoll is lightly wounded.
The gnoll hits you with a +0 spear.
You die...

#....##.......##
#................
###....##..######
##....#.##
#...##...###
#.#####....###
#..#...†......#
#. #..........# #
#.......@!.#
#........g..#
##..#.....#..#
#.##.###.##.# #.
#.# .# .# . #. ..
.. ###


You could see a gnoll.

Vanquished Creatures
  A dart slug (D:2)
  4 goblins (D:1)
  A hobgoblin (D:1)
  2 quokkas (D:1)
  4 ball pythons
  3 bats
  A frilled lizard (D:1)
  A kobold (D:1)
  A rat (D:1)
18 creatures vanquished.

Notes
Turn   | Place    | Note
-------+----------+-------------------------------------------
     0 | D:1      | innerfire43 the Demonspawn Monk began the quest for the
                  | Orb.
     0 | D:1      | Reached XP level 1. HP: 18/18 MP: 1/1
   459 | D:1      | Gained mutation: You are partially covered in razor-sharp
                  | scales. (AC +1, Slay +1) [demonic ancestry]
   459 | D:1      | Reached XP level 2. HP: 16/24 MP: 2/2
  1078 | D:2      | Slain by a gnoll

Illustrated notes

Levels and vault maps discovered:
D:1:      amcnicky_arrival_double_pillar, layout_basic
D:2:      layout_rooms

Skill      XL: |  1  2 |
---------------+-------+-----
Axes           | 3 |  3.0
Dodging        | 3 |  3.0
Fighting       | |  3.3

Action                     || total
---------------------------++-------
  Melee: Hand axe          ||    52
 Armour: Robe              ||    12
  Dodge: Dodged            ||    35

Table legend: (Time is in decaauts)
 A = Elapsed time spent in this place.
 B = Non-inter-level travel time spent in this place.
 C = Inter-level travel time spent in this place.
 D = Time resting spent in this place.
 E = Time spent auto-exploring this place.
 F = Levels seen in this place.
 G = Mean time per level.
                   A        B        C        D        E       F      G
               +--------+--------+--------+--------+--------+-----+--------+
         Total |   1085 |   1037 |     48 |      0 |    917 |   2 |  542.5 |
       Dungeon |   1085 |   1037 |     48 |      0 |    917 |   2 |  542.5 |
               +--------+--------+--------+--------+--------+-----+--------+

Top non-repeatable levels by time:
     D:1: 1027 daAuts
     D:2: 58 daAuts
